 Dungeon Crawl Stone Soup version 0.27-a0-1290-g15d3ce7508 (webtiles) character file.

Game seed: 17757934182291044065

1275 Delamore the Cleaver (level 8, -6/62 HPs)
             Began as a Formicid Fighter on June 15, 2021.
             Was a Believer of Dithmenos.
             Mangled by Maggie (8 damage)
             ... on level 6 of the Dungeon.
             The game lasted 00:04:08 (7342 turns).

Delamore the Cleaver (Formicid Fighter)             Turns: 7342, Time: 00:04:09

Health: -6/62      AC:  7    Str: 23    XL:     8   Next: 83%
Magic:  8/8        EV:  8    Int:  8    God:    Dithmenos [**....]
Gold:   330        SH: 11    Dex: 16    Spells: 7/7 levels left

rFire    + + .     SeeInvis +   a - +1 war axe
rCold    + . .     Faith    .   c - +1 kite shield
rNeg     . . .     Spirit   .   g - +1 ring mail {rF+}
rPois    +         Reflect  .   (helmet unavailable)
rElec    +         Harm     .   j - +0 cloak
rCorr    +         Rampage  .   (no gloves)
Will     .....                  (no boots)
Stlth    +.........             (no amulet)
HPRegen  0.20/turn              q - +6 ring of dexterity
MPRegen  0.11/turn              (no ring)

@: resistant, very slightly contaminated, wreathed by umbra, invisible
A: permanent stasis, dig shafts and tunnels, antennae 3, four strong arms
a: Dig, Shaft Self, Renounce Religion, Shadow Step


You were on level 6 of the Dungeon.
You worshipped Dithmenos.
Dithmenos was pleased with you.
You visited 1 branch of the dungeon, and saw 6 of its levels.

You collected 330 gold pieces.

Inventory:

Hand Weapons
 a - a +1 war axe (weapon)
Armour
 c - a +1 kite shield (worn)
 g - a +1 ring mail of fire resistance (worn)
 j - a +0 cloak (worn)
Jewellery
 q - a +6 ring of dexterity (left hand)
Scrolls
 f - 2 scrolls of noise
 m - a scroll of enchant armour
 p - 2 scrolls of magic mapping
Potions
 d - a potion of might
 e - a potion of resistance
 h - a potion of berserk rage
 i - a potion of degeneration {unknown}
 k - 3 potions of mutation
 n - 2 potions of curing {unknown}
 o - a potion of attraction {unknown}


   Skills:
 - Level 5.0 Fighting
 * Level 9.7 Axes
 - Level 3.2 Armour
 - Level 3.6 Shields


You had 7 spell levels left.
You didn't know any spells.
Your spell library contained the following spells:

 Spells                   Type           Power      Damage    Failure   Level
 Poisonous Vapours        Pois/Air       0%         N/A       97%         2
 Conjure Flame            Conj/Fire      0%         6-21      100%        3
 Mephitic Cloud           Conj/Pois/Air  0%         N/A       100%        3
 Freezing Cloud           Conj/Ice/Air   0%         6-21      100%        5


Dungeon Overview and Level Annotations

Branches:
Dungeon (6/15)
 Temple: D:4-7

Altars:
Dithmenos
Elyvilon
Fedhas
Hepliaklqana
Qazlal
Trog

Annotations:
D:6 Maggie


Innate Abilities, Weirdness & Mutations

You cannot be hasted, slowed, berserked, paralysed or teleported.
You can dig through walls and to a lower floor.
You have a pair of large antennae on your head. (SInv)
Your four strong arms can wield two-handed weapons with a shield.


Message History

You are too injured to fight recklessly!
You are too injured to fight recklessly!
You are too injured to fight recklessly!
You are too injured to fight recklessly!
You are too injured to fight recklessly!
You are too injured to fight recklessly!
You are too injured to fight recklessly!
You are too injured to fight recklessly!
You hit Maggie.
Maggie is moderately wounded.
Maggie barely misses you.
Maggie hits you with a +2 long sword of flaming!
* * * LOW HITPOINT WARNING * * *
Maggie burns you.
* * * LOW HITPOINT WARNING * * *
You fade into invisibility!
You block Maggie's attack.
You are very lightly contaminated with residual magic.
You strike the helpless Maggie from behind!
You hit Maggie but do no damage.
Maggie is moderately wounded.
Maggie hits you but does no damage.
You completely miss Maggie.
Maggie is moderately wounded.
You strike the helpless Maggie from behind!
You hit Maggie but do no damage.
Maggie is moderately wounded.
Maggie completely misses you.
You hit Maggie.
Maggie is heavily wounded.
Maggie hits you with a +2 long sword of flaming.
* * * LOW HITPOINT WARNING * * *
Maggie burns you.
* * * LOW HITPOINT WARNING * * *
Maggie hits you with a +2 long sword of flaming!
* * * LOW HITPOINT WARNING * * *
It was a potion of resistance.
You feel protected.
Maggie hits you with a +2 long sword of flaming!
You die...

##.#
#..# .
#.## .#
#.# #.#
#.# #?.#
#.# #..#
#.##..#
#.#@.#
#.#@#
#...#
#.....##
#.....#
#.....#
#.....#
#.....#
#.....#
#######


You could see Maggie.

Vanquished Creatures
  Sigmund (D:4)
  Menkaure (D:4)
  A steam dragon (D:4)
  An ogre (D:4)
  2 scorpions
  A centaur zombie (D:5)
  A bullfrog zombie (D:5)
  An orc priest (D:5)
  A gnoll shaman (D:4)
  2 hounds
  2 jellies
  A scorpion zombie (D:5)
  Crazy Yiuf (D:2)
  Terence (D:2)
  4 iguanas
  A hound skeleton (D:4)
  8 gnolls
  6 adders
  An ufetubus (D:5)
  14 orcs
  4 bats
  5 endoplasms
  5 giant cockroaches
  2 goblins (D:1)
  10 hobgoblins
  6 jackals
  7 ball pythons
  A frilled lizard (D:1)
  A jackal skeleton (D:4)
  4 kobolds
  3 rats
99 creatures vanquished.

Vanquished Creatures (others)
  A butterfly (D:4)
1 creature vanquished.

Grand Total: 100 creatures vanquished

Notes
Turn   | Place    | Note
-------+----------+-------------------------------------------
     0 | D:1      | Delamore the Formicid Fighter began the quest for the Orb.
     0 | D:1      | Reached XP level 1. HP: 18/18 MP: 1/1
   279 | D:1      | Reached XP level 2. HP: 24/24 MP: 2/2
   521 | D:1      | Found a faded altar of an unknown god.
   926 | D:1      | Became a worshipper of Dithmenos the Shadowed
   926 | D:1      | Reached * piety under Dithmenos
  1368 | D:1      | Reached skill level 3 in Axes
  1368 | D:1      | Reached XP level 3. HP: 6/30 MP: 3/3
  1807 | D:2      | Reached XP level 4. HP: 15/37 MP: 4/4
  2346 | D:2      | Noticed Terence
  2354 | D:2      | Killed Terence
  2355 | D:2      | Reached skill level 4 in Axes
  2355 | D:2      | Reached XP level 5. HP: 35/42 MP: 5/5
  2847 | D:2      | Found a runed translucent door.
  2848 | D:2      | Noticed Crazy Yiuf
  2861 | D:2      | Killed Crazy Yiuf
  3170 | D:3      | Found a hazy altar of Hepliaklqana.
  3541 | D:3      | Reached ** piety under Dithmenos
  4053 | D:4      | Reached XP level 6. HP: 27/49 MP: 6/6
  4242 | D:4      | Reached skill level 5 in Axes
  4421 | D:4      | Reached skill level 5 in Fighting
  4438 | D:4      | Noticed a steam dragon
  4447 | D:4      | Killed a steam dragon
  4448 | D:4      | Reached skill level 6 in Axes
  4448 | D:4      | Reached XP level 7. HP: 43/56 MP: 7/7
  4731 | D:4      | Found a white marble altar of Elyvilon.
  4741 | D:4      | Noticed Menkaure
  4748 | D:4      | Killed Menkaure
  4749 | D:4      | Reached skill level 7 in Axes
  5117 | D:4      | Found a blossoming altar of Fedhas.
  5117 | D:4      | Found a bloodstained altar of Trog.
  5438 | D:4      | Noticed Sigmund
  5446 | D:4      | Killed Sigmund
  5447 | D:4      | Reached skill level 8 in Axes
  5447 | D:4      | Reached XP level 8. HP: 50/62 MP: 8/8
  5998 | D:4      | Found a stormy altar of Qazlal.
  6156 | D:5      | Entered Level 5 of the Dungeon
  6306 | D:5      | Reached skill level 9 in Axes
  7324 | D:6      | Noticed Maggie
  7341 | D:6      | HP: 2/62 [Maggie (7)]
  7342 | D:6      | Mangled by Maggie

Illustrated notes

Levels and vault maps discovered:
D:1:      saegor_arrival_simple_a, layout_basic,
          ebering_ecumenical_altar_petrified
D:2:      layout_basic, uniq_terence, uniq_crazy_yiuf_cottage
D:3:      layout_basic, lemuel_crystal_altar, minmay_quantized
D:4:      layout_loops_corners, kennysheep_mini,
          nicolae_elyvilon_peaceful_grove, jmf_multi_god_temple,
          kennysheep_small_circle, uniq_sigmund, uniq_menkaure
D:5:      layout_rooms
D:6:      layout_rooms, minmay_temple_entry_offerings,
          amcnicky_mini_pool_medium, uniq_maggie

Skill      XL: |  1  2  3  4  5  6  7  8 |
---------------+-------------------------+-----
Axes           | 3 4 6 8 9 |  9.7
Fighting       | 4 5 |  5.0
Armour         | |  3.2
Shields        | |  3.6

Action                   |  1- 3 |  4- 6 |  7- 9 || total
-------------------------+-------+-------+-------++-------
Melee: War axe           |    52 |   143 |   179 ||   374
 Abil: Dig               |       |       |     4 ||     4
  Use: Scroll            |       |     3 |     6 ||     9
       Potion            |       |       |     2 ||     2
 Stab: Invisible         |       |       |     2 ||     2
Armor: Scale mail        |    24 |    14 |       ||    38
       Ring mail         |       |    37 |    69 ||   106
       Chain mail        |       |     8 |       ||     8
Dodge: Dodged            |    29 |    62 |    78 ||   169
Block: Kite shield       |    32 |   109 |   111 ||   252

Table legend: (Time is in decaauts)
 A = Elapsed time spent in this place.
 B = Non-inter-level travel time spent in this place.
 C = Inter-level travel time spent in this place.
 D = Time resting spent in this place.
 E = Time spent auto-exploring this place.
 F = Levels seen in this place.
 G = Mean time per level.
                   A        B        C        D        E       F      G
               +--------+--------+--------+--------+--------+-----+--------+
         Total |   7494 |   7294 |    200 |   1915 |   4467 |   6 | 1249.0 |
       Dungeon |   7494 |   7294 |    200 |   1915 |   4467 |   6 | 1249.0 |
               +--------+--------+--------+--------+--------+-----+--------+

Top non-repeatable levels by time:
     D:4: 2383 daAuts
     D:1: 1777 daAuts
     D:2: 1248 daAuts
     D:3: 1110 daAuts
     D:5: 942 daAuts
     D:6: 32 daAuts
